 Dungeon Crawl Stone Soup version 0.17-a0-18-gc25b939 (webtiles) character file.

2338 Chiseanne the Reanimator (level 9, 0/64 HPs)
             Began as a Centaur Necromancer on Mar 11, 2015.
             Was an Initiate of Gozag.
             Slain by an orc warrior
             ... wielding a +0 mace of crushing
              (18 damage)
             ... on level 8 of the Dungeon.
             The game lasted 00:40:22 (11798 turns).

Chiseanne the Reanimator (Centaur Necromancer)     Turns: 11798, Time: 00:40:22

Health: 0/64       AC:  8    Str: 11    XL:     9   Next: 19%
Magic:  5/22       EV: 10    Int: 16    God:    Gozag
Gold:   228        SH:  0    Dex: 11    Spells: 6 memorised, 5 levels left

rFire  + . .     SeeInvis .     s - +4 falchion (holy)
rCold  . . .     Clarity  .     d - +0 robe
rNeg   . . .     SustAb   .     (no shield)
rPois  .         Gourm    .     G - +1 helmet
rElec  .         Spirit   .     r - +0 cloak
rCorr  .         Warding  .     S - +0 pair of gloves
rMut   .         Stasis   .     (no barding)
MR     .....                    (no amulet)
Stlth  +.........               R - ring of wizardry
                                P - ring of protection from fire

@: very quick, not resistant to hostile enchantments, very unstealthy
A: fangs 1, hooves 3, deformed body, speed 2, tough skin 3
a: Potion Petition, Call Merchant, Bribe Branch, Renounce Religion


You were on level 8 of the Dungeon.
You worshipped Gozag.
Gozag was noncommittal.
You were not hungry.

You visited 2 branches of the dungeon, and saw 9 of its levels.
You also visited: Sewer.

You collected 779 gold pieces.
You spent 372 gold pieces at shops.
You paid 179 gold pieces to Gozag.

Inventory:

Hand weapons
 a - a +0 scimitar
 s - a +4 falchion of holy wrath (weapon)
Missiles
 f - 5 silver javelins
 h - 8 tomahawks (quivered)
 j - 12 bolts of frost
 n - 41 bolts
 o - 6 curare-tipped needles
 p - 3 poisoned sling bullets
 q - 28 sling bullets
 B - 104 arrows
Armour
 d - a +0 robe (worn)
 r - a +0 cloak (worn)
 G - a +1 helmet (worn)
 S - a +0 pair of gloves (worn)
Jewellery
 A - an uncursed ring of sustain abilities
 E - an uncursed ring of flight
 P - a ring of protection from fire (left hand)
 R - a ring of wizardry (right hand)
Magical devices
 y - a wand of random effects (0)
 C - a wand of fire (5)
 Q - a wand of fireball (0)
Scrolls
 i - 2 scrolls of recharging
 t - 7 scrolls of remove curse
 u - 5 scrolls of fear
 w - 5 scrolls of teleportation
 D - a scroll of immolation
 F - 3 scrolls of identify
 K - a scroll of enchant weapon {unknown}
 L - 2 scrolls of fog
 N - a scroll of magic mapping {unknown}
 O - a scroll of summoning {unknown}
Potions
 e - 3 potions of brilliance
 g - 3 potions of lignification
 k - a potion of heal wounds
 l - a potion of magic
 m - 3 potions of agility
 v - 2 potions of haste
 x - 5 potions of might
 z - 2 potions of restore abilities
 H - 2 potions of invisibility
 I - 3 potions of curing
 J - 2 potions of flight
Books
 b - a book of Necromancy

   Spells                             Type                      Level
   a - Pain                           Necromancy                   1
   b - Animate Skeleton               Necromancy                   1
   c - Vampiric Draining              Necromancy                   3
   d - Regeneration                   Charms/Necromancy            3
   e - Animate Dead                   Necromancy                   4
   f - Control Undead                 Necromancy                   4
Comestibles
 c - 4 bread rations
 M - a meat ration


   Skills:
 * Level 1.4 Fighting
 * Level 0.2 Armour
 - Level 2.1 Dodging
 - Level 1.2 Stealth
 * Level 6.9 Spellcasting
 * Level 8.3 Necromancy


You had 5 spell levels left.
You knew the following spells:

 Your Spells              Type           Power        Failure   Level  Hunger
a - Pain                  Necr           ####         1%          1    None
b - Animate Skeleton      Necr           N/A          1%          1    None
c - Vampiric Draining     Necr           ####......   1%          3    ##.....
d - Regeneration          Chrm/Necr      ###.......   4%          3    ##.....
e - Animate Dead          Necr           N/A          1%          4    ####...
f - Control Undead        Necr           ####......   1%          4    ####...


Dungeon Overview and Level Annotations

Branches:
Dungeon (8/15)             Temple (1/1) D:7
   Lair: D:8-11

Altars:
Ashenzari
Cheibriados
Dithmenos
Fedhas
Gozag
Kikubaaqudgha
Nemelex Xobeh
Okawaru
Qazlal
Ru
Sif Muna
Trog
Vehumet
Xom
Yredelemnul
Zin
The Shining One
Lugonu

Shops:
D:7 ??!=%   D:8 [[[

Annotations:
D:6 Chiseanne's ghost, experienced VSFi


Innate Abilities, Weirdness & Mutations

You have hooves in place of feet.
Armour fits poorly on your strangely shaped body.
You cover ground very quickly.
You have extremely tough skin (AC +3).
You have very sharp teeth.


Message History

You kill the orc!
The fireball engulfs the orc.
You kill the orc!
Evoking this partially-identified wand wasted a few charges.
Evoke which item? (* to show all) (? for menu, Esc to quit)
Zapping:
y - a wand of random effects {zapped: 35} (will waste charges)
Press: ? - help, Shift-Dir - straight line, f - orc warrior
Aim: an orc warrior, wielding a mace of crushing and wearing a plate armour (almost dead) Nothing appears to happen.
The orc wizard is distracted by the nearby gold.
Casting: Pain
Confirm with . or Enter, or press ? or * to list all spells.
Aiming: Vampiric Draining
Press: ? - help, Shift-Dir - straight line, f/p - orc warrior
Aim: an orc warrior, wielding a mace of crushing and wearing a plate armour (almost dead)
The orc warrior is almost dead.
You feel life coursing into your body.
The orc warrior hits you with a mace of crushing!!
You die...
Your body crumbles into a pile of gold.

###
################.#
.................#
################@#
#o# #.##########
#..........#
#.$........#
#$$$.......#
#..........#
#o.........#
#......$...#


You could see an orc warrior and an orc wizard.

Vanquished Creatures
  A hippogriff (D:7)
  An ice beast (D:8)
  An orc warrior (D:8)
  3 sky beasts
  The ghost of UristPineapples the Skirmisher, an average DsFi (Sewer)
  2 centaurs (D:8)
  A crocodile (D:8)
  An ogre (D:6)
  3 giant frogs
  2 scorpions
  4 wights
  A quasit (D:7)
  A goliath beetle (D:8)
  A centaur zombie (D:6)
  3 hounds
  A crimson imp (D:5)
  A centaur skeleton (D:6)
  A jelly (D:6)
  6 orc wizards
  3 worker ants
  Robin (D:2)
  15 adders
  3 gnolls (D:8)
  A shadow imp (D:5)
  5 worms
  An adder zombie (D:5)
  4 giant geckos
  4 oozes
  15 orcs
  3 ball pythons
  2 bat skeletons
  8 giant cockroaches
  13 goblins
  13 hobgoblins
  10 jackals
  5 quokkas
  23 bats
  A giant gecko skeleton (D:7)
  7 giant newts
  12 kobolds
  13 rats
197 creatures vanquished.

Vanquished Creatures (collateral kills)
  An ice beast (D:6)
  A gnoll (D:1)
  An adder skeleton (D:5)
  A giant gecko (D:1)
  An ooze (Sewer)
  3 bats (D:1)
  5 goblins
  2 hobgoblins
  A kobold (D:4)
  2 rats (D:1)
18 creatures vanquished.

Vanquished Creatures (others)
  A giant frog skeleton (D:6)
  3 adder skeletons
  A giant gecko (D:6)
  9 bat skeletons
  A giant newt skeleton (Sewer)
  2 goblin skeletons
  2 hobgoblin skeletons
  3 jackal skeletons
  4 kobold skeletons
  An orc skeleton (D:6)
  2 rat skeletons
29 creatures vanquished.

Grand Total: 244 creatures vanquished

Notes
Turn   | Place    | Note
--------------------------------------------------------------
     0 | D:1      | Chiseanne, the Centaur Necromancer, began the quest for the Orb.
     0 | D:1      | Reached XP level 1. HP: 14/14 MP: 2/2
    92 | D:1      | Learned a level 1 spell: Animate Skeleton
   331 | D:1      | Reached skill level 4 in Necromancy
   458 | D:1      | Reached XP level 2. HP: 20/20 MP: 3/3
   810 | D:1      | Reached XP level 3. HP: 24/26 MP: 5/5
   889 | D:1      | Learned a level 3 spell: Vampiric Draining
  2179 | D:2      | Reached XP level 4. HP: 29/33 MP: 1/6
  2361 | D:2      | Noticed Robin
  2716 | D:2      | Killed Robin
  2786 | D:2      | Learned a level 3 spell: Regeneration
  3079 | D:3      | Reached skill level 5 in Necromancy
  3197 | D:3      | Found a basalt altar of Yredelemnul.
  3225 | D:3      | Found a glowing silver altar of Zin.
  3418 | D:3      | Reached XP level 5. HP: 29/38 MP: 0/8
  4400 | D:4      | Found a sparkling altar of Nemelex Xobeh.
  4430 | D:4      | Found an iron altar of Okawaru.
  4905 | D:4      | Found a bloodstained altar of Trog.
  4979 | D:4      | Found a sacrificial altar of Ru.
  5019 | D:5      | Entered Level 5 of the Dungeon
  5317 | D:5      | Reached XP level 6. HP: 34/45 MP: 6/12
  5713 | D:5      | Found a glowing drain.
  5717 | Sewer    | Entered a sewer
  5905 | Sewer    | Learned a level 4 spell: Animate Dead
  5933 | Sewer    | Noticed UristPineapples' ghost (average DsFi)
  5966 | Sewer    | Killed UristPineapples' ghost
  6160 | Sewer    | Reached skill level 6 in Necromancy
  6985 | D:5      | Reached XP level 7. HP: 35/50 MP: 1/15
  7230 | D:5      | Found a glowing golden altar of the Shining One.
  7484 | D:5      | Found a deep blue altar of Sif Muna.
  8149 | D:6      | Reached skill level 5 in Spellcasting
  8508 | D:6      | Noticed Chiseanne's ghost (experienced VSFi)
  8858 | D:6      | Reached XP level 8. HP: 34/57 MP: 19/19
  8864 | D:6      | Learned a level 4 spell: Control Undead
  8940 | D:6      | Reached skill level 7 in Necromancy
  9069 | D:6      | Found an opulent altar of Gozag.
  9082 | D:6      | Became a worshipper of Gozag Ym Sagoz the Greedy
  9347 | D:7      | Found Smaanar's Magic Scroll Shop.
  9514 | D:7      | Bought a scroll of immolation for 52 gold pieces
  9514 | D:7      | Bought a scroll of vulnerability for 112 gold pieces
  9514 | D:7      | Bought a scroll of torment for 112 gold pieces
  9584 | D:7      | Gained mutation: You have very sharp teeth. [potion of beneficial mutation]
  9645 | D:7      | Found Duskacum's Distillery.
  9654 | D:7      | Bought 2 potions of lignification for 66 gold pieces
  9705 | D:7      | Found a radiant altar of Vehumet.
  9719 | D:7      | Found Near's Food Boutique.
  9726 | D:7      | Found a staircase to the Ecumenical Temple.
  9749 | Temple   | Entered the Ecumenical Temple
 10028 | D:7      | Found Loleurph's Jewellery Shoppe.
 10138 | D:7      | Found Kaisiff's Magic Scroll Boutique.
 10144 | D:7      | Bought a scroll of identify for 30 gold pieces
 10228 | D:8      | Found a snail-covered altar of Cheibriados.
 10412 | D:8      | Found Kaish's Antique Armour Shop.
 10837 | D:8      | Reached skill level 8 in Necromancy
 11048 | D:8      | Reached XP level 9. HP: 44/63 MP: 12/22
 11335 | D:8      | Reached skill level 1 in Fighting
 11453 | D:8      | Found an ancient bone altar of Kikubaaqudgha.
 11509 | D:8      | Found Trehischu's Armour Emporium.
 11770 | D:8      | Found Ypoocsurph's Armour Shop.
 11798 | D:8      | Slain by an orc warrior

Action                   |  1- 3 |  4- 6 |  7- 9 || total
-------------------------+-------+-------+-------++-------
Melee: Unarmed           |    28 |       |       ||    28
       Short sword       |    74 |    12 |       ||    86
       Scimitar          |       |   147 |   223 ||   370
       Falchion          |       |       |     2 ||     2
Throw: Tomahawk          |       |     8 |     3 ||    11
       Javelin           |       |     5 |       ||     5
 Cast: Pain              |    26 |   137 |    81 ||   244
       Animate Skeleton  |    18 |    36 |     6 ||    60
       Vampiric Draining |       |    15 |    48 ||    63
       Animate Dead      |       |     1 |       ||     1
       Regeneration      |       |       |     6 ||     6
       Control Undead    |       |       |     1 ||     1
Evoke: Wand              |       |     1 |    15 ||    16
  Use: Potion            |     2 |       |     2 ||     4
       Scroll            |       |    15 |     7 ||    22
 Stab: Distracted        |     1 |     1 |     2 ||     4
       Paralysed         |       |     4 |       ||     4
  Eat: Chunk             |     4 |    16 |     5 ||    25
       Bread ration      |       |       |     2 ||     2
       Pizza             |       |       |     1 ||     1
       Beef jerky        |       |       |     1 ||     1
